 Dungeon Crawl Stone Soup version 0.25-a0-448-g1f46b9f714 (webtiles) character file.

Game seed: 4643126377293608675, levelgen mode: deterministic

433 kae the Vexing (level 6, 0/28 HPs)
             Began as a Spriggan Enchanter on Jan 31, 2020.
             Was an Initiate of Dithmenos.
             Slain by a hornet zombie (6 damage)
             ... on level 6 of the Dungeon.
             The game lasted 00:04:07 (3613 turns).

kae the Vexing (Spriggan Enchanter)                 Turns: 3613, Time: 00:04:08

Health: 0/28       AC:  2    Str:  6    XL:     6   Next: 67%
Magic:  2/13       EV: 18    Int: 17    God:    Dithmenos [......]
Gold:   68         SH:  0    Dex: 16    Spells: 11/14 levels left

rFire    . . .     SeeInvis +   i - +1 dagger (drain)
rCold    . . .     Gourm    .   (shield restricted)
rNeg     . . .     Faith    .   b - +0 robe
rPois    .         Spirit   .   (helmet restricted)
rElec    .         Reflect  .   (no cloak)
rCorr    .         Harm     .   (gloves unavailable)
MR       +....                  (boots unavailable)
Stlth    +++.......             (no amulet)
HPRegen  0.09/turn              (no ring)
MPRegen  0.13/turn              (no ring)

@: very quick
A: very small, unfitting armour, see invisible, herbivore, speed 3, slow
metabolism 2
a: Renounce Religion


You were on level 6 of the Dungeon.
You worshipped Dithmenos.
Dithmenos was noncommittal.
You were near starving.

You visited 2 branches of the dungeon, and saw 5 of its levels.

You collected 68 gold pieces.

Inventory:

Hand Weapons
 a - a +1 dagger
 i - a +1 dagger of draining (weapon)
Armour
 b - a +0 robe (worn)
Scrolls
 c - 2 scrolls of identify
 j - a scroll of remove curse
Potions
 e - a potion of might
 g - a potion of brilliance {unknown}
 k - 2 potions of degeneration {unknown}
 m - a potion of heal wounds {unknown}
Comestibles
 d - 3 rations


   Skills:
 + Level 4.6 Short Blades
 - Level 3.0 Dodging
 - Level 4.4 Stealth
 + Level 4.5 Spellcasting
 * Level 6.5 Hexes


You had 11 spell levels left.
You knew the following spells:

 Your Spells              Type           Power        Failure   Level  Hunger
a - Corona                Hex            ####...      1%          1    None
b - Ensorcelled Hibernat  Hex/Ice        ###...       6%          2    ##.....

Your spell library contained the following spells:

 Spells                   Type           Power        Failure   Level  Hunger
 Confusing Touch          Hex            ####....     3%          3    ###....
 Tukima's Dance           Hex            ####....     3%          3    ###....
 Dazzling Flash           Conj/Hex       ###...       12%         3    ###....


Dungeon Overview and Level Annotations

Branches:
Dungeon (6/15)             Temple (1/1) D:6

Altars:
Ashenzari
Cheibriados
Dithmenos
Elyvilon
Fedhas
Gozag
Hepliaklqana
Kikubaaqudgha
Makhleb
Nemelex Xobeh
Okawaru
Qazlal
Ru
Sif Muna
Trog
Uskayaw
Vehumet
Xom
Yredelemnul
Zin
The Shining One

Annotations:
D:6 exclusions: door and sky beast


Innate Abilities, Weirdness & Mutations

You are very small and have problems with some larger weapons.
You are too small for most types of armour.
You have supernaturally acute eyesight. (SInv)
You are a herbivore.
You cover ground extremely quickly.
You need to consume almost no food.


Message History

You hit the orc but do no damage. You hit the orc.
The orc is lightly wounded.
The orc closely misses you.
You hit the orc but do no damage. You drain the orc.
The orc is severely wounded.
The orc hits you.
You hit the orc but do no damage. You drain the orc.
You kill the orc!
Dithmenos accepts your kill.
You hit the hornet zombie but do no damage.
You hit the hornet zombie but do no damage.
The hornet zombie misses you.
You hit the hornet zombie but do no damage.
The hornet zombie hits you!
* * * LOW HITPOINT WARNING * * *
You hit the hornet zombie but do no damage.
The hornet zombie completely misses you.
The hornet zombie hits you.
You die...

##. #.# #. #.# #. ## #.#
#. ... #.# #. .... #.#
#. ..... #.# ##.
......#######.# ##..
......Z@[..>#.#######..#
###########......#.....#
#....#......##
##...)##......
#........#...
#......###..>
#........#...
####.........
...........##


You could see a hornet zombie.

Vanquished Creatures
  A bullfrog (D:6)
  A gnoll sergeant (D:6)
  A crimson imp (D:6)
  A hound (D:6)
  An orc priest (D:6)
  An orc wizard (D:6)
  A worker ant (D:6)
  5 gnolls (D:6)
  5 adders
  2 oozes
  A worm (D:2)
  A dart slug (D:1)
  A leopard gecko (D:6)
  6 orcs (D:6)
  A giant cockroach (D:2)
  7 goblins
  8 hobgoblins
  3 jackals (D:3)
  2 quokkas
  4 bats
  3 frilled lizards
  4 kobolds (D:2)
  5 rats
65 creatures vanquished.

Notes
Turn   | Place    | Note
-------+----------+-------------------------------------------
     0 | D:1      | kae the Spriggan Enchanter began the quest for the Orb.
     0 | D:1      | Reached XP level 1. HP: 9/9 MP: 5/5
   526 | D:1      | Reached XP level 2. HP: 7/13 MP: 4/6
   677 | D:1      | Learned a level 2 spell: Ensorcelled Hibernation
  1266 | D:2      | Reached XP level 3. HP: 15/16 MP: 2/8
  1625 | D:2      | Reached skill level 4 in Hexes
  2195 | D:2      | Reached XP level 4. HP: 21/21 MP: 9/9
  2583 | D:3      | You fall into a shaft and drop 3 floors!
  2591 | D:6      | Noticed a sky beast
  2687 | D:6      | Reached skill level 5 in Hexes
  2687 | D:6      | Reached XP level 5. HP: 19/24 MP: 2/11
  2799 | D:6      | Found a shimmering blue altar of Sif Muna.
  2976 | D:6      | Found a staircase to the Ecumenical Temple.
  2981 | D:6      | Reached XP level 6. HP: 25/28 MP: 8/13
  2987 | Temple   | Entered the Ecumenical Temple
  3292 | Temple   | Became a worshipper of Dithmenos the Shadowed
  3330 | D:6      | Reached skill level 6 in Hexes
  3613 | D:6      | Slain by a hornet zombie

Levels and vault maps discovered:
D:1:      zaba_arrival_water, layout_basic
D:2:      layout_loops_ring, minmay_misc_feat_four_crosses, bh_walls_and_bars
D:3:      layout_basic, first_ration
D:6:      layout_rooms, minmay_temple_entry_tees, nrook_mini_backslash,
          kennysheep_small_spiral, hangedman_decor_slide_cut, led_sif_book
Temple:   minmay_crystal_snake_temple

Skill      XL: |  1  2  3  4  5  6 |
---------------+-------------------+-----
Short Blades   | 2 3 4 |  4.6
Hexes          | 4 5 6 |  6.5
Spellcasting   | 3 4 |  4.5
Dodging        | |  3.0
Stealth        | |  4.4

Action                   |  1- 3 |  4- 6 || total
-------------------------+-------+-------++-------
Melee: Dagger            |    81 |   102 ||   183
 Cast: Corona            |    10 |     5 ||    15
       Ensorcelled Hiber |     3 |    29 ||    32
  Use: Potion            |     2 |     2 ||     4
       Scroll            |       |     6 ||     6
 Stab: Sleeping          |    11 |    17 ||    28
Armor: Robe              |     4 |     1 ||     5
Dodge: Dodged            |    55 |    57 ||   112

Table legend:
 A = Non-vault XP
 B = Vault XP
 C = Vault XP percentage of total XP
 D = Non-vault monster count
 E = Vault monster count
 F = Vault count percentage of total count
                 A         B        C        D         E       F
            +---------+---------+-------+---------+---------+-------
      Total |     619 |       0 |   0.0 |      65 |       0 |   0.0
            +---------+---------+-------+---------+---------+-------
        D:1 |      17 |       0 |   0.0 |      10 |       0 |   0.0
        D:2 |      85 |       0 |   0.0 |      25 |       0 |   0.0
        D:3 |      32 |       0 |   0.0 |       9 |       0 |   0.0
        D:6 |     485 |       0 |   0.0 |      21 |       0 |   0.0
            +---------+---------+-------+---------+---------+-------
